[Event "Early-Titled-Tuesday-Blitz-February-27-2024"]
[Site "Chess.com"]
[Date "2024.02.27"]
[Round "1"]
[White "Juwen"]
[Black "rhwr"]
[Result "1-0"]
[WhiteElo "2618"]
[BlackElo "2284"]
[TimeControl "180+1"]
[EndTime "8:06:35 PST"]
[Termination "Juwen won by resignation"]

1. e4 c5 2. Nf3 d6 3. Bb5+ Nd7 4. O-O a6 5. Bd3 g6 6. c3 Bg7 7. Bc2 Ngf6 8. d4 O-O 9. a4 b6 10. Nbd2 Bb7 11. Re1 e5 12. dxe5 dxe5 13. Nc4 Qc7 14. Bd2 Rfd8 15. Qc1 b5 16. Na3 Bc6 17. axb5 axb5 18.
Bh6 Bh8 19. h3 Qb7 20. Ng5 c4 21. Qe3 Qb6 22. Qf3 Nc5 23. Rad1 Rxd1 24. Rxd1 Rd8 25. Rxd8+ Qxd8 26. Qe3 Nd3 27. b3 Nb2 28. Qc5 Qe8 29.
bxc4 bxc4 30. Qb4 Nd3 31. Qxc4 Nf4 32. Bb3 Bg7 33. Nxf7 Kf8 34. Qc5+ 1-0

[Event "Early-Titled-Tuesday-Blitz-February-27-2024"]
[Site "Chess.com"]
[Date "2024.02.27"]
[Round "1"]
[White "GoValya"]
[Black "vishwa_vijeta"]
[Result "0-1"]
[WhiteElo "2277"]
[BlackElo "2613"]
[TimeControl "180+1"]
[EndTime "8:06:35 PST"]
[Termination "vishwa_vijeta won by resignation"]

1. d4 c5 2. d5 d6 3. g3 g6 4. Bg2 Bg7 5. Nf3 b5 6. O-O Nf6 7. c4 b4 8. a3 a5 9. axb4 cxb4 10. Be3 O-O 11. Nd4 Bb7 12. Nd2 Ng4 13. Nc6 Bxc6 14. dxc6 Nxe3 15. fxe3 Ra7 16. Qc2 Qb6 17.
c5 dxc5 18. Nc4 Qc7 19. Qe4 Rc8 20. Qd5 Bf6 21. Qxc5 Nxc6 22. Bxc6 Qxc6 23. Qxa7 Qxc4 24. Rxa5 Qxe2 25. Ra6 Rc2 26. Qa8+ Kg7 27. Qh1 Qxe3+ 0-1

[Event "Early-Titled-Tuesday-Blitz-February-27-2024"]
[Site "Chess.com"]
[Date "2024.02.27"]
[Round "1"]
[White "JaackCamel"]
[Black "Boorchess"]
[Result "1-0"]
[WhiteElo "2194"]
[BlackElo "2564"]
[TimeControl "180+1"]
[EndTime "8:06:35 PST"]
[Termination "JaackCamel won by checkmate"]

1. d4 Nf6 2. c4 e6 3. Nc3 Bb4 4. Qc2 d5 5. e3 O-O 6. Nf3 b6 7. Bd3 Bb7 8. O-O dxc4 9. Bxc4 Nbd7 10. Be2 a6 11. a3 Bd6 12. b4 Qe7 13. Bb2 e5 14. Rfe1 e4 15. Nd2 Rfe8 16. Nf1 h5 17. Rad1 Nf8 18. Ng3 g6 19. Nf1 h4 20. h3 N8h7 21.
d5 Rad8 22. Rd2 Ng5 23. Red1 Nd7 24. Na2 f5 25. Qc3 Ne5 26. Nc1 Kh7 27. Nb3 Rg8 28. Nd4 Bxd5 29. Bxa6 Ba8 30. Bc4 Nxc4 31. Qxc4 Bd5 32.
Qc3 Be5 33. Rc1 Rge8 34. Rdc2 Nf7 35. Qe1 Qg5 36. Rxc7 Bxc7 37. Rxc7 Re7 38. Qc3 Rdd7 39.
Rc8 Rd8 40. Nxf5 Ne5 41. Nxe7 Qxe7 42. Rxd8 Qxd8 43. Qxe5 Qg8 44. Qe7+ Kh6 45. Qxh4# 1-0

[Event "Early-Titled-Tuesday-Blitz-February-27-2024"]
[Site "Chess.com"]
[Date "2024.02.27"]
[Round "1"]
[White "LeoLV10"]
[Black "RobertoJBM"]
[Result "0-1"]
[WhiteElo "2480"]
[BlackElo "2849"]
[TimeControl "180+1"]
[EndTime "8:06:37 PST"]
[Termination "RobertoJBM won by resignation"]

1. e4 c6 2. d4 d5 3. e5 Bf5 4. h4 Qb6 5. c3 e6 6. Nd2 h6 7. g4 Bh7 8. Ngf3 c5 9. a3 c4 10. b3 cxb3 11. Nxb3 Nc6 12. Bd2 Be4 13. Be2 h5 14. gxh5 Nh6 15. Rh3 O-O-O 16. Be3 Na5 17. Nxa5 Qxa5 18. Qb3 Rd7 19. Nd2 Bf5 20. Rg3 Rc7 21. Bf4 Bh7 22. Kf1 Nf5 23. Rh3 Be7 24. Bg5 Bxg5 25. hxg5 Nxd4 26. cxd4 Qxd2 27. Rd1 Qxg5 28.
Qb4 Be4 29. Rg3 Qh4 30. Qa5 Qh1+ 31. Rg1 Bg2+ 32. Ke1 Qxg1+ 0-1

[Event "Early-Titled-Tuesday-Blitz-February-27-2024"]
[Site "Chess.com"]
[Date "2024.02.27"]
[Round "1"]
[White "KorolDimitriy75"]
[Black "AlexPapasimakopoulos"]
[Result "0-1"]
[WhiteElo "2434"]
[BlackElo "2764"]
[TimeControl "180+1"]
[EndTime "8:06:37 PST"]
[Termination "AlexPapasimakopoulos won on time"]

1. d4 e6 2. c4 f6 3. Nc3 d5 4. e3 c6 5. Bd3 f5 6. f4 Nf6 7. Nf3 Bd6 8. O-O O-O 9. Ne5 Nbd7 10. Qb3 Ne4 11. cxd5 Nxc3 12. dxe6 Nd5 13. exd7 Bxd7 14.
Qxb7 Be6 15. Nxc6 Qb6 16. Qxb6 axb6 17. Bd2 Rfc8 18. Rfc1 Rc7 19. Ne5 Rxc1+ 20. Rxc1 Bxe5 21. dxe5 Rxa2 22. Rc2 Kf7 23. Kf2 h6 24. b4 Ra3 25. Be2 g5 26. g3 Ke7 27. Rc6 Ra2 28. Ke1 Ra1+ 29. Kf2 Ra2 30. Ke1 Ra3 31. Kf2 Rb3 32.
Bc4 Rb2 33. Ke1 b5 34. Bxb5 Nxb4 35. Rb6 Nd5 36. Rb7+ Kf8 37. Bc6 Ra2 38. Rb8+ Ke7 39. Rb7+ Kd8 0-1

[Event "Early-Titled-Tuesday-Blitz-February-27-2024"]
[Site "Chess.com"]
[Date "2024.02.27"]
[Round "1"]
[White "Szparu"]
[Black "Road2GM3000"]
[Result "1-0"]
[WhiteElo "2761"]
[BlackElo "2433"]
[TimeControl "180+1"]
[EndTime "8:06:37 PST"]
[Termination "Szparu won by resignation"]

1. e4 c5 2. d4 cxd4 3. c3 d3 4. c4 Nc6 5. Nc3 g6 6. Bxd3 Bg7 7. h3 d6 8. Nf3 Nf6 9. O-O O-O 10. Be3 h6 11. Qd2 Kh7 12. Rfd1 Be6 13. Rac1 Nd7 14. Nd5 Bxd5 15. cxd5 Nce5 16. Nxe5 Nxe5 17. Be2 Rc8 18.
Bxa7 Ra8 19. Qe3 Qa5 20. Bd4 Qxa2 21. Rc7 Rfe8 22. f4 Rac8 23. Rxc8 Rxc8 24. fxe5 dxe5 25.
Bc3 Qa4 26. Rf1 Kg8 27. Kh1 b5 28. Rc1 Qb3 29. Bd2 Rxc1+ 30. Bxc1 Qc2 31. Bxb5 Qd1+ 32. Qg1 Qb3 33. Qf1 Qb4 34. Bc4 Bf6 35. b3 Kg7 36. Kh2 h5 37. Qd1 Qc3 38. Qd2 Qa1 39. d6 exd6 40. Qh6+ Kg8 41. Qxg6+ Kh8 42. Qxf6+ 1-0

[Event "Early-Titled-Tuesday-Blitz-February-27-2024"]
[Site "Chess.com"]
[Date "2024.02.27"]
[Round "1"]
[White "Josetricks"]
[Black "Alex_Sahakyan2006"]
[Result "0-1"]
[WhiteElo "2481"]
[BlackElo "2850"]
[TimeControl "180+1"]
[EndTime "8:06:38 PST"]
[Termination "Alex_Sahakyan2006 won by resignation"]

1. c4 Nf6 2. Nf3 c5 3. g3 g6 4. Bg2 Bg7 5. O-O O-O 6. b3 Ne4 7. d4 cxd4 8. Nxd4 Nc6 9. Bb2 Nf6 10. Nc3 a6 11. Nd5 Nxd5 12. cxd5 Nxd4 13. Bxd4 Bxd4 14. Qxd4 d6 15. Rfc1 Bd7 16. Rc3 Qa5 17. h4 h5 18. a4 Rac8 19. Rac1 Rxc3 20. Rxc3 Rc8 21. Rxc8+ Bxc8 22. Kh2 Bg4 23. e4 Qc7 24. Bh3 Be2 25. Qe3 Qc2 26. e5 dxe5 27. Qxe5 Bf3 28. Qe3 Bxd5 29.
b4 e6 30. a5 Qb1 31. Bg2 Bxg2 32. Kxg2 Qxb4 33. Qe5 Qb5 34. Qe1 b6 35. axb6 Qxb6 36.
Kh2 a5 37. Qd2 a4 38. Qc2 Qa6 39. Qd2 Qa8 40. Qa2 a3 41. f4 Qa4 42. Kh3 Qb4 43.
Qc2 Qb2 44. Qc8+ Kg7 0-1

[Event "Early-Titled-Tuesday-Blitz-February-27-2024"]
[Site "Chess.com"]
[Date "2024.02.27"]
[Round "1"]
[White "emeli_chess"]
[Black "GianmarcoVaR"]
[Result "0-1"]
[WhiteElo "2417"]
[BlackElo "2729"]
[TimeControl "180+1"]
[EndTime "8:06:38 PST"]
[Termination "GianmarcoVaR won by resignation"]

1. d4 Nf6 2. c4 e6 3. Nc3 Bb4 4.
Qc2 O-O 5. e4 d5 6. e5 Ne4 7. Bd3 c5 8. Nf3 cxd4 9. Nxd4 Nd7 10. Bf4 Qh4 11. g3 Qh5 12. O-O Bxc3 13. bxc3 Nxe5 14.
Bxe4 dxe4 15. Qxe4 Ng4 16. Qh1 e5 17. h3 Nf6 18. g4 Nxg4 19. hxg4 Qxg4+ 20. Bg3 exd4 21.
cxd4 Qxd4 22. Rac1 Qf6 23. Rfe1 Bd7 24. Qxb7 Bc6 25. Qb3 h5 26. Be5 Qf5 27. Qg3 f6 28.
Bd6 Rfe8 29. Re3 Rxe3 30. fxe3 Rd8 31. c5 Re8 32. Rf1 Qd5 33. Rxf6 Rxe3 34. Rf8+ Kh7 35.
Kh2 0-1

[Event "Early-Titled-Tuesday-Blitz-February-27-2024"]
[Site "Chess.com"]
[Date "2024.02.27"]
[Round "1"]
[White "santosalberto1987"]
[Black "Dewarfd"]
[Result "1-0"]
[WhiteElo "2572"]
[BlackElo "2152"]
[TimeControl "180+1"]
[EndTime "8:06:39 PST"]
[Termination "santosalberto1987 won by resignation"]

1. e4 c5 2. Nf3 Nc6 3. d4 cxd4 4. Nxd4 g6 5. Nc3 Bg7 6. Be3 Nf6 7. Bc4 O-O 8. Bb3 d6 9. f3 Na5 10. h4 Nxb3 11. axb3 a6 12. Qd2 h5 13. Bh6 b5 14.
Bxg7 Kxg7 15. Ndxb5 Qb6 16. Qd4 Qc6 17. Na7 Qb7 18. Nxc8 Raxc8 19. O-O Rfd8 20. Ra5 e5 21. Qd3 Rc6 22. Rfa1 Ra8 23. Kh2 Qb6 24. Nd5 Nxd5 25.
exd5 Rc7 26. Rxa6 Rxa6 27. Rxa6 Qf2 28. c4 Qxh4+ 29. Kg1 Qe1+ 30. Qf1 Qe3+ 31. Qf2 Qc1+ 32. Kh2 Qf4+ 33. Qg3 Qe3 34. Rxd6 Re7 35. Rc6 h4 36. Qxh4 g5 37. Qe4 Re8 38. Qxe3 1-0

[Event "Early-Titled-Tuesday-Blitz-February-27-2024"]
[Site "Chess.com"]
[Date "2024.02.27"]
[Round "1"]
[White "scarabee43"]
[Black "Manukyan_Artak"]
[Result "1-0"]
[WhiteElo "2876"]
[BlackElo "2487"]
[TimeControl "180+1"]
[EndTime "8:06:40 PST"]
[Termination "scarabee43 won by resignation"]

1. Nf3 Nf6 2. c4 g6 3. Nc3 c5 4. e3 Bg7 5. d4 d6 6. Be2 O-O 7. O-O Nc6 8. d5 Ne5 9. Nxe5 dxe5 10. e4 e6 11. Be3 exd5 12. cxd5 b6 13. a3 a5 14. f3 Nh5 15. g3 f5 16. exf5 gxf5 17. Bf2 f4 18. g4 Nf6 19. Qc2 h5 20. g5 Nh7 21. h4 Bf5 22. Bd3 Bxd3 23. Qxd3 Qd7 24.
Kg2 Rfd8 25. Rad1 Nf8 26. d6 Ne6 27. Qg6 Qf7 28. Qxf7+ Kxf7 29. Ne4 Nd4 30. Rfe1 c4 31. Rc1 Rac8 32. a4 Rc6 33. Rc3 b5 34. Bxd4 exd4 35. axb5 Rb6 36. Rxc4 Rxb5 37. Rc7+ Kg8 38. Re2 d3 39.
Rd2 Rxb2 40. Rxg7+ Kxg7 41. Rxb2 1-0

[Event "Early-Titled-Tuesday-Blitz-February-27-2024"]
[Site "Chess.com"]
[Date "2024.02.27"]
[Round "1"]
[White "Gennady_Kozlov"]
[Black "Matols"]
[Result "1/2-1/2"]
[WhiteElo "2654"]
[BlackElo "2371"]
[TimeControl "180+1"]
[EndTime "8:06:40 PST"]
[Termination "Game drawn by agreement"]

1. Nf3 d5 2. g3 Nf6 3. Bg2 c6 4. O-O Bg4 5. Ne5 Bf5 6. d4 e6 7. c3 Be7 8. Nd2 O-O 9. Qb3 Qb6 10. Re1 Nbd7 11. Nxd7 Nxd7 12. e4 dxe4 13. Bxe4 Bxe4 14. Nxe4 Nf6 15. Bg5 Qxb3 16. axb3 Rfd8 17. Nxf6+ Bxf6 18. Bxf6 gxf6 19. Ra5 Rd5 20. Rxd5 cxd5 21. Kg2 a6 22. f4 f5 23. Kf3 Kg7 24. h3 h5 25. Ra1 Rc8 26. Ra4 Kf6 27. Rb4 b5 28. Ke3 Ke7 29. c4 dxc4 30. bxc4 Rxc4 31. Rb3 Kd6 32. Ra3 Rc6 33. Ra1 Kd5 34. Kd3 f6 35. b3 b4 36.
Ra5+ Kd6 37. Kd2 Kc7 38. Ra4 Rc3 39. Rxa6 Rxg3 40. Rxe6 Rxb3 41. Rxf6 Rxh3 42. Rxf5 b3 43. Rf6 b2 44. Kc2 Rh2+ 45. Kb1 h4 46. Rh6 h3 47.
d5 Kd7 48. f5 Rf2 1/2-1/2

[Event "Early-Titled-Tuesday-Blitz-February-27-2024"]
[Site "Chess.com"]
[Date "2024.02.27"]
[Round "1"]
[White "kai_nov"]
[Black "NFChess13"]
[Result "1/2-1/2"]
[WhiteElo "2346"]
[BlackElo "2642"]
[TimeControl "180+1"]
[EndTime "8:06:40 PST"]
[Termination "Game drawn by repetition"]

1. e4 e5 2. Nf3 Nf6 3. Bc4 Nc6 4.
d3 Be7 5. O-O d6 6. Nc3 h6 7. Be3 g5 8. d4 g4 9. dxe5 gxf3 10.
exf6 fxg2 11. fxe7 gxf1=Q+ 12. Kxf1 Qxe7 13. Nd5 Qxe4 14. Nf6+ Kd8 15. Nxe4 Ne5 16. Be2 Rg8 17. Ng3 h5 18. Bf4 Ng6 19. Bg5+ Ke8 20. Bxh5 Kf8 21.
Bh6+ Ke8 22. Qe2+ Be6 23. Qb5+ Ke7 24. Qxb7 Rad8 25. Qxc7+ Rd7 26. Qc3 Ne5 27. Bf4 Bc4+ 28. Kg1 Be6 29. Bxe5 dxe5 30. Qxe5 Rd5 31. Qc7+ Kf6 32.
Qc3+ Ke7 33. Re1 Rxh5 34. Qc7+ Kf6 35. Qf4+ Rf5 36. Qh4+ Kg6 37. Nxf5 Kxf5+ 38. Kf1 Rg4 39. Qh5+ Kf6 40. Qh6+ Ke7 41. Rd1 Re4 42. Qd2 Bh3+ 43.
Kg1 Rg4+ 44. Kh1 Bg2+ 45. Kg1 Bh3+ 46. Kh1 Bg2+ 47. Kg1 Bh3+ 1/2-1/2

[Event "Early-Titled-Tuesday-Blitz-February-27-2024"]
[Site "Chess.com"]
[Date "2024.02.27"]
[Round "1"]
[White "HATilay"]
[Black "Knightmare1014"]
[Result "1-0"]
[WhiteElo "2637"]
[BlackElo "2309"]
[TimeControl "180+1"]
[EndTime "8:06:40 PST"]
[Termination "HATilay won by checkmate"]

1. e4 c5 2. Nf3 e6 3. d4 cxd4 4. Nxd4 a6 5. Nc3 Qc7 6. g3 b5 7.
Bg2 Bb7 8. O-O Nc6 9. Bf4 e5 10. Nxc6 dxc6 11. Be3 Nf6 12. f4 Bd6 13. f5 O-O 14. g4 b4 15. g5 bxc3 16. gxf6 cxb2 17. Qg4 g6 18. Rab1 Rab8 19. Rxb2 Rfe8 20. Rb3 Ba8 21. Rf3 Bf8 22. Rh3 Rxb3 23. axb3 Qa5 24. Qh4 h5 25. Qg3 Kh7 26. Bf3 Bc5 27. Bxh5 Bxe3+ 28. Qxe3 Qa1+ 29. Kg2 gxh5 30. Rxh5+ Kg8 31. Qg5+ Kf8 32. Rh8# 1-0

[Event "Early-Titled-Tuesday-Blitz-February-27-2024"]
[Site "Chess.com"]
[Date "2024.02.27"]
[Round "1"]
[White "Goryachkina"]
[Black "LangesNasenhaar"]
[Result "1-0"]
[WhiteElo "2700"]
[BlackElo "2396"]
[TimeControl "180+1"]
[EndTime "8:06:41 PST"]
[Termination "Goryachkina won by checkmate"]

1. e4 g6 2. d4 Bg7 3. Nf3 c6 4. h3 d5 5. e5 f6 6. Bd3 Nd7 7. O-O fxe5 8. Nxe5 Nxe5 9. dxe5 Bxe5 10. Nd2 Nf6 11. Nf3 Bd6 12. Bh6 Rg8 13. Re1 Qb6 14.
c4 Bd7 15. cxd5 Nxd5 16. Bc4 O-O-O 17. Bxd5 cxd5 18. Qxd5 Kb8 19. Be3 Qa6 20. Qb3 Ba4 21. Qc3 Rc8 22. Qd4 Rgf8 23. Rac1 Bc6 24. Ne5 Bxe5 25.
Qxe5+ Ka8 26. a3 Rf5 27. Qxe7 Rd5 28. Qe6 Re8 29. Qxe8+ Bxe8 30. Rc8# 1-0

[Event "Early-Titled-Tuesday-Blitz-February-27-2024"]
[Site "Chess.com"]
[Date "2024.02.27"]
[Round "1"]
[White "Atousa"]
[Black "Akewjon"]
[Result "0-1"]
[WhiteElo "2464"]
[BlackElo "2829"]
[TimeControl "180+1"]
[EndTime "8:06:42 PST"]
[Termination "Akewjon won on time"]

1. e4 c5 2. Nf3 d6 3. d4 cxd4 4. Nxd4 Nf6 5. Nc3 a6 6. Be2 e5 7. Nb3 Be7 8. O-O O-O 9. Be3 Be6 10. a4 Nc6 11. Qd2 Rc8 12. Rfd1 Nb4 13. a5 d5 14.
exd5 Nfxd5 15. Nxd5 Qxd5 16. Rac1 Qxd2 17. Rxd2 Bxb3 18.
Bf3 Rxc2 19. Rdxc2 Nxc2 20. Bxb7 Nxe3 21. fxe3 Bb4 22.
Bxa6 Bxa5 23. Kf2 Rd8 24. Rc8 Rxc8 25. Bxc8 Kf8 26. Bf5 g6 27. Bd3 Ke7 28. Kf3 f5 29. e4 f4 30. g3 g5 31. h4 h6 32. hxg5 hxg5 33. gxf4 gxf4 34. Bb5 Bb6 35. Be2 Bd4 36. Kg4 Bxb2 37. Kf5 Kd6 38. Kg4 Kc5 39. Kf3 Kd4 40.
Ba6 Bc2 41. Bb7 Bd1+ 42. Kf2 Bc1 43. Kf1 Bc2 44. Kf2 Bxe4 45. Ba6 Bd3 46. Bb7 e4 47. Ke1 e3 48. Kd1 e2+ 0-1

[Event "Early-Titled-Tuesday-Blitz-February-27-2024"]
[Site "Chess.com"]
[Date "2024.02.27"]
[Round "1"]
[White "jamengrand"]
[Black "NikitaShnadrygin"]
[Result "1-0"]
[WhiteElo "2371"]
[BlackElo "2639"]
[TimeControl "180+1"]
[EndTime "8:06:44 PST"]
[Termination "jamengrand won on time"]

1. e4 c5 2. Nf3 e6 3. d4 cxd4 4. Bg5 Nf6 5. Qxd4 Nc6 6. Qd1 h6 7. Bc1 Nxe4 8. Bd3 Nc5 9. Be2 d5 10. O-O Be7 11. c4 d4 12. Ne1 O-O 13. Nd3 e5 14.
Nxc5 Bxc5 15. Bf3 Be6 16. Qa4 Qd7 17. Nd2 f5 18. Bxc6 bxc6 19. Nf3 e4 20. Ne5 Qc7 21. Ng6 Rf6 22. Bf4 Qb6 23. Ne5 g5 24. Bd2 Rc8 25.
b4 Be7 26. c5 Qd8 27. Nxc6 Qe8 28. Nxe7+ Qxe7 29. Rfe1 Bd5 30. Rac1 f4 31. b5 e3 32. Qxd4 Rd8 33. Bc3 Rg6 34. fxe3 f3 35. Qh8+ Kf7 36.
Qh7+ 1-0

[Event "Early-Titled-Tuesday-Blitz-February-27-2024"]
[Site "Chess.com"]
[Date "2024.02.27"]
[Round "1"]
[White "nindjaxx8"]
[Black "EvgenyBurmakin"]
[Result "1-0"]
[WhiteElo "2651"]
[BlackElo "2344"]
[TimeControl "180+1"]
[EndTime "8:06:44 PST"]
[Termination "nindjaxx8 won by checkmate"]

1. d4 Nf6 2. c4 g6 3. Nc3 Bg7 4. e4 d6 5. Be2 O-O 6. Be3 e5 7. d5 a5 8. g4 Nbd7 9. h4 Nc5 10. f3 Ne8 11. h5 Bf6 12. Qd2 Bh4+ 13. Kd1 Bd7 14. hxg6 fxg6 15. Nh3 Bf6 16. Ng5 Bxg5 17. Bxg5 Nf6 18. Kc2 Rf7 19. Rh2 Na4 20. Nxa4 Bxa4+ 21. b3 Bd7 22. Rah1 a4 23. b4 a3 24. Rh6 Ba4+ 25.
Kc1 c6 26. Qe1 cxd5 27. Qh4 Qb6 28. Rxg6+ Kf8 29. Qh6+ Ke7 30. Rxf6 Qd4 31. Rxd6+ Ke8 32. Qe6+ Kf8 33. Qh6+ Kg8 34. Rg6+ Kh8 35. Qxh7+ Rxh7 36. Bf6# 1-0

[Event "Early-Titled-Tuesday-Blitz-February-27-2024"]
[Site "Chess.com"]
[Date "2024.02.27"]
[Round "1"]
[White "MusicCityMaster"]
[Black "yuriydovzik"]
[Result "1-0"]
[WhiteElo "2567"]
[BlackElo "2127"]
[TimeControl "180+1"]
[EndTime "8:06:44 PST"]
[Termination "MusicCityMaster won on time"]

1. d4 Nf6 2. c4 e6 3. Nf3 Bb4+ 4.
Bd2 Bxd2+ 5. Nbxd2 d5 6. Qc2 c6 7. g3 O-O 8. Bg2 a5 9. O-O Na6 10. a3 Bd7 11. e4 dxe4 12. Nxe4 Nxe4 13. Qxe4 Nc7 14. Rad1 b5 15. Ne5 Ra6 16. b3 a4 17.
b4 bxc4 18. Nxc4 Nd5 19. Rc1 Qb8 20. Ne5 Rd8 21. Rc5 Be8 22. Rfc1 Qd6 23. h3 Nf6 24. Qd3 Raa8 25. Bxc6 Bxc6 26. Nxc6 Rd7 27. Ne5 Rdd8 28.
Rc7 Qxe5 29. dxe5 Rxd3 30. Rc8+ Rd8 31. Rxa8 Rxa8 32. exf6 gxf6 33. Rc5 f5 34. Ra5 Rc8 35. Rxa4 Rc1+ 36. Kg2 Rb1 37. Ra5 Kg7 38. b5 e5 39.
a4 e4 40. Ra6 Rb2 41. Kf1 Rb1+ 42. Ke2 Rb2+ 43. Ke3 Rb3+ 44. Kd4 Rb2 45. b6 Rxf2 46. b7 Rb2 47. a5 Rb4+ 48. Ke5 e3 49. Rb6 1-0

[Event "Early-Titled-Tuesday-Blitz-February-27-2024"]
[Site "Chess.com"]
[Date "2024.02.27"]
[Round "1"]
[White "rezamahdavi2008"]
[Black "StellarChess"]
[Result "1-0"]
[WhiteElo "2893"]
[BlackElo "2499"]
[TimeControl "180+1"]
[EndTime "8:06:45 PST"]
[Termination "rezamahdavi2008 won by resignation"]

1. d4 b5 2. e4 a6 3. Nf3 e6 4. Bd3 Bb7 5. c3 d6 6. Qe2 Nf6 7. O-O Be7 8. a4 c6 9. Re1 O-O 10. Nbd2 Nbd7 11. Bc2 h6 12. e5 Nd5 13. Qe4 g6 14.
Nf1 Kg7 15. Ng3 dxe5 16. dxe5 c5 17. Qg4 c4 18. Nd4 Nc5 19. Ngf5+ exf5 20. Nxf5+ Kh7 21. Bxh6 Rh8 22. e6 Nd3 23. exf7 Nxe1 24. Rxe1 Bc8 25. Qh3 Bxf5 26. Bxf5 Bh4 27. f8=Q Rxf8 28. Bxf8 gxf5 29. Qxf5+ Kg8 30. Bc5 Qg5 31. Qe6+ Kh7 32. Qf7+ Kh6 33.
Re6+ Nf6 34. Be3 Qxe3 35. fxe3 Rg8 36. Rxf6+ Bxf6 37. Qxg8 Bg5 38. e4 Bc1 39. e5 Bxb2 40. e6 Bxc3 41. e7 Bd4+ 42. Kh1 1-0

[Event "Early-Titled-Tuesday-Blitz-February-27-2024"]
[Site "Chess.com"]
[Date "2024.02.27"]
[Round "1"]
[White "Bekkedahl"]
[Black "Natalya_Buksa"]
[Result "0-1"]
[WhiteElo "2223"]
[BlackElo "2598"]
[TimeControl "180+1"]
[EndTime "8:06:47 PST"]
[Termination "Natalya_Buksa won on time"]

1. e4 c5 2. Nf3 Nc6 3. Bb5 e5 4.
O-O Bd6 5. d3 Nge7 6. Nc3 O-O 7.
h3 h6 8. Nh2 Nd4 9. Bc4 Bc7 10.
Bd5 Rb8 11. a4 a6 12. f4 exf4 13. Bxf4 b5 14. axb5 axb5 15. Qh5 Bxf4 16. Rxf4 Nxd5 17. Nxd5 d6 18. Ra7 Be6 19. c3 Nc6 20. Ra6 Ne5 21. Ng4 Bxg4 22. hxg4 Nxd3 23. Rf3 Ne5 24. Rg3 f6 25. Nf4 Qd7 26. Ng6 Rfe8 27. Nh4 Ra8 28. Rxa8 Rxa8 29. Nf5 b4 30. Rh3 Qf7 31. Nxh6+ gxh6 32. Qxh6 Qg7 33. Qf4 Ra1+ 34. Kh2 Nxg4+ 35. Kg3 Ne3+ 36.
Kf3 Rf1+ 37. Kxe3 Rxf4 38. Kxf4 bxc3 39. Rxc3 Qh6+ 40. Kf5 Kf7 41. Rg3 Qh5+ 0-1

[Event "Early-Titled-Tuesday-Blitz-February-27-2024"]
[Site "Chess.com"]
[Date "2024.02.27"]
[Round "1"]
[White "Winner_7777"]
[Black "Jospem"]
[Result "0-1"]
[WhiteElo "2535"]
[BlackElo "3078"]
[TimeControl "180+1"]
[EndTime "8:06:48 PST"]
[Termination "Jospem won by resignation"]

1. d4 Nf6 2. c4 e6 3. Nc3 Bb4 4.
f3 d5 5. a3 Be7 6. e4 dxc4 7.
Bxc4 a6 8. Nge2 b5 9. Ba2 c5 10. dxc5 Qxd1+ 11. Kxd1 Bxc5 12. b4 Bb6 13. Kc2 Nc6 14.
Rd1 O-O 15. Bf4 Bb7 16. Bd6 Rfc8 17. Kb2 Ne8 18. Bg3 a5 19. Nxb5 axb4 20. axb4 Nxb4 21.
Bb3 Rxa1 22. Kxa1 Nc2+ 23. Kb1 Ne3 24. Rg1 Ba6 25. Nec3 Nc4 26. Rd1 Ne3 27. Rd2 Nf1 28. Rc2 Nxg3 29. hxg3 Rd8 30. Kb2 h5 31. Bc4 Bg1 32. Na4 Bxb5 33. Bxb5 Rb8 34. Ka2 Rxb5 35. Rc8 Kf8 0-1

[Event "Early-Titled-Tuesday-Blitz-February-27-2024"]
[Site "Chess.com"]
[Date "2024.02.27"]
[Round "1"]
[White "chipmunknau"]
[Black "eightbyeightchess"]
[Result "1-0"]
[WhiteElo "2716"]
[BlackElo "2404"]
[TimeControl "180+1"]
[EndTime "8:06:49 PST"]
[Termination "chipmunknau won by resignation"]

1. d4 Nf6 2. Nf3 g6 3. g3 Bg7 4. Bg2 O-O 5. O-O d6 6. c4 Nbd7 7. Nc3 c5 8. b3 cxd4 9. Nxd4 Nc5 10. Bb2 Rb8 11. Qd2 Ne6 12. Nc2 Qa5 13. Rfd1 Qh5 14. Ne3 Ng5 15. Ncd5 Nxd5 16. Nxd5 Nh3+ 17. Bxh3 Bxh3 18.
Nxe7+ Kh8 19. Bxg7+ Kxg7 20. Nd5 Bf5 21. Qd4+ f6 22.
Nf4 Qh6 23. Qxd6 Rbe8 24. Rd2 Rf7 25. Rad1 Rd7 26. Qc5 Rxd2 27. Rxd2 Kf7 28. Qxa7 g5 29. Qxb7+ Kg8 30. Qd5+ Kh8 31. Qxf5 gxf4 32. Qxf4 1-0

[Event "Early-Titled-Tuesday-Blitz-February-27-2024"]
[Site "Chess.com"]
[Date "2024.02.27"]
[Round "1"]
[White "Alexei_Gubajdullin"]
[Black "Chernov_Alexander_A"]
[Result "1-0"]
[WhiteElo "2631"]
[BlackElo "2298"]
[TimeControl "180+1"]
[EndTime "8:06:49 PST"]
[Termination "Alexei_Gubajdullin won on time"]

1. Nf3 d5 2. g3 c6 3. Bg2 Bg4 4.
O-O Nd7 5. c4 e6 6. Qb3 Qb6 7.
d3 Ngf6 8. Be3 Bc5 9. d4 Be7 10. c5 Qxb3 11. axb3 a6 12. b4 Rc8 13. Nbd2 Bd8 14.
Nb3 Ne4 15. Na5 Bxa5 16. bxa5 f6 17. Ra4 Kf7 18. Rb4 Rb8 19. Bf4 e5 20. dxe5 Bxf3 21. e6+ Kxe6 22. exf3 Nexc5 23. Re1+ Kf7 24. Bxb8 Rxb8 25.
Bf1 Ne5 26. Re3 Rd8 27. Rc3 Ned7 28. Bh3 Rb8 29. Bxd7 Nxd7 30. Rd4 Ke6 31. Kf1 Kd6 32. b4 Ne5 33. f4 Nd7 34. Re3 b6 35. axb6 Rxb6 36.
f5 Rb5 37. Re6+ Kc7 38. Re7 a5 39. bxa5 Rxa5 40. Rxg7 Kd6 41. Rxh7 c5 42. Rd1 Ne5 43. Rh8 d4 44. h4 Ra2 45. Rg8 d3 46. h5 Ra7 47. f4 1-0

[Event "Early-Titled-Tuesday-Blitz-February-27-2024"]
[Site "Chess.com"]
[Date "2024.02.27"]
[Round "1"]
[White "GodzillaChessYoutube"]
[Black "patzersame"]
[Result "0-1"]
[WhiteElo "2667"]
[BlackElo "2408"]
[TimeControl "180+1"]
[EndTime "8:06:50 PST"]
[Termination "patzersame won on time"]

1. e4 Nf6 2. e5 Nd5 3. Nc3 Nxc3 4. dxc3 d6 5. Bf4 g6 6. h3 Bg7 7. Nf3 Nc6 8. Bb5 O-O 9. Qe2 dxe5 10. Nxe5 Qd5 11.
Nxc6 bxc6 12. Bc4 Qxg2 13. O-O-O Bf5 14. Rde1 e5 15. Rh2 Qe4 16. Qxe4 Bxe4 17. Rxe4 exf4 18. Re7 Rae8 19. Bxf7+ Rxf7 20. Rxe8+ Bf8 21. f3 Kg7 22. Rd2 Bc5 23. Kd1 Be3 24. Rdd8 h5 25. Ke2 Kh6 26.
c4 Kg5 27. Rg8 Rf6 28. Rd1 Re6 0-1

[Event "Early-Titled-Tuesday-Blitz-February-27-2024"]
[Site "Chess.com"]
[Date "2024.02.27"]
[Round "1"]
[White "ReinisUz"]
[Black "PepeCuenca"]
[Result "0-1"]
[WhiteElo "2391"]
[BlackElo "2691"]
[TimeControl "180+1"]
[EndTime "8:06:51 PST"]
[Termination "PepeCuenca won by checkmate"]

1. c4 Nf6 2. Nc3 g6 3. g3 Bg7 4. Bg2 O-O 5. e4 d6 6. Nge2 c5 7. O-O Nc6 8. d3 Ne8 9. a3 Nc7 10. Rb1 a5 11. f4 Ne6 12. h3 Ned4 13. Kh2 Rb8 14. Be3 Bd7 15. f5 gxf5 16. exf5 Nxf5 17. Bg1 Nfd4 18. Nxd4 Nxd4 19. b4 axb4 20. axb4 Bc6 21. Ne4 cxb4 22. Qh5 Ne6 23. Rxb4 Ra8 24. d4 Be8 25. d5 f5 26. Qh4 fxe4 27. dxe6 Rxf1 28. Bxf1 Ra2+ 29. Kh1 Bc6 30. Bg2 Qf8 31. Rb3 Rxg2 32. Kxg2 e3+ 33. Kh2 Qf3 34. Rb2 Qh1# 0-1

[Event "Early-Titled-Tuesday-Blitz-February-27-2024"]
[Site "Chess.com"]
[Date "2024.02.27"]
[Round "1"]
[White "mertfelin"]
[Black "nekotyanof"]
[Result "0-1"]
[WhiteElo "2316"]
[BlackElo "2638"]
[TimeControl "180+1"]
[EndTime "8:06:51 PST"]
[Termination "nekotyanof won by resignation"]

1. e4 c5 2. Nf3 Nc6 3. Bb5 g6 4. O-O Bg7 5. Nc3 e5 6. a3 Nge7 7. b4 cxb4 8. axb4 O-O 9. Bc4 Nxb4 10. Ba3 Nbc6 11. Bd6 h6 12. Nb5 a6 13. Bc7 axb5 14.
Bxd8 Rxa1 15. Qxa1 bxc4 16. Bc7 d5 17. Nxe5 dxe4 18.
Re1 Nd5 19. Bd6 Rd8 20. Qa3 Nxe5 21. Bxe5 Bxe5 22. Rxe4 Bf6 23. Qa4 Be6 24. h3 c3 25. d3 Rd6 26. Qb5 Rb6 27. Qe8+ Kg7 28. h4 Bf5 29. Re2 Nf4 30. Re3 Rb2 31. g3 Nd5 32. Re2 Bxd3 33. cxd3 c2 34. Rxc2 Rxc2 35. Qb5 Nc3 36. Qb4 b5 37. Kg2 Rd2 38. g4 Rxd3 39.
g5 hxg5 40. hxg5 Bxg5 41. Qh4 0-1